 Dungeon Crawl Stone Soup version 0.28.0-43-g3370ac3207 (webtiles) character file.

Game seed: 14194635931515839525

191 jimonade the Bolt Thrower (level 5, -2/37 HPs)
             Began as a Gnoll Wanderer on Mar 13, 2022.
             Was an Initiate of Hepliaklqana.
             Killed from afar by an orc wizard (8 damage)
             ... with a puff of flame
             ... on level 4 of the Dungeon.
             The game lasted 00:10:01 (3839 turns).

jimonade the Bolt Thrower (Gnoll Wanderer)          Turns: 3839, Time: 00:10:04

Health: -2/37      AC:  4    Str: 11    XL:     5   Next: 70%
Magic:  4/9        EV: 12    Int: 14    God:    Hepliaklqana [......]
Gold:   107        SH:  0    Dex: 11    Spells: 9/10 levels left

rFire   . . .      SeeInvis .   a - +0 hand crossbow (vorpal)
rCold   . . .      Faith    .   (no shield)
rNeg    . . .      Spirit   .   d - +0 robe
rPois   .          Reflect  .   (no helmet)
rElec   .          Harm     .   (no cloak)
rCorr   .          Rampage  .   c - +1 pair of gloves
Will    .....                   (no boots)
Stlth   +.........              (no amulet)
HPRegen 0.12/turn               (no ring)
MPRegen 0.11/turn               (no ring)

@: confused
A: fangs 1, strong nose, distributed training
a: Renounce Religion


You were on level 4 of the Dungeon.
You worshipped Hepliaklqana.
Hepliaklqana was noncommittal.
You visited 1 branch of the dungeon, and saw 4 of its levels.

You collected 107 gold pieces.

Inventory:

Hand Weapons
 a - a +0 vorpal hand crossbow (weapon)
 e - a +0 spear
 f - a +0 mace
 i - a +0 dagger
 r - a +0 spear
Missiles
 b - 20 bolts (quivered ammo)
 h - 5 boomerangs
 n - 97 stones
 s - 4 poisoned darts
Armour
 c - a +1 pair of gloves (worn)
 d - a +0 robe (worn)
 t - a +0 leather armour
Magical Staves
 l - a staff of earth
Scrolls
 j - a scroll of silence {unknown}
 m - a scroll of identify
 o - a scroll of teleportation {unknown}
Potions
 g - a potion of haste
 k - a potion of attraction {unknown}
 p - a potion of flight {unknown}
 q - a potion of heal wounds {unknown}


   Skills:
 + Level 1.6 Fighting
 + Level 1.6 Short Blades
 + Level 1.6 Long Blades
 + Level 1.6 Axes
 + Level 1.6 Maces & Flails
 + Level 1.6 Polearms
 + Level 1.6 Staves
 + Level 1.6 Slings
 + Level 1.6 Bows
 + Level 6.7 Crossbows
 + Level 1.6 Throwing
 + Level 1.6 Armour
 + Level 3.0 Dodging
 + Level 2.8 Stealth
 + Level 1.6 Shields
 + Level 1.6 Unarmed Combat
 + Level 3.2 Spellcasting
 + Level 4.0 Conjurations
 + Level 1.2 Hexes
 + Level 1.2 Summonings
 + Level 1.2 Necromancy
 + Level 1.2 Translocations
 + Level 1.2 Transmutations
 + Level 1.2 Fire Magic
 + Level 1.2 Ice Magic
 + Level 1.2 Air Magic
 + Level 1.2 Earth Magic
 + Level 1.2 Poison Magic
 + Level 1.8 Invocations
 + Level 4.8 Evocations


You had 9 spell levels left.
You knew the following spells:

 Your Spells              Type           Power      Damage    Failure   Level
a - Magic Dart            Conj           52%        1d5       4%          1

Your spell library contained the following spells:

 Spells                   Type           Power      Damage    Failure   Level
 Shock                    Conj/Air       36%        1d5       7%          1
 Iskenderun's Mystic Bla  Conj/Tloc      9%         2d4       56%         4
 Animate Dead             Necr           2%         N/A       77%         4
 Haunt                    Necr/Summ      2%         N/A       100%        7
 Infestation              Necr           2%         N/A       100%        8


Dungeon Overview and Level Annotations

Branches:
Dungeon (4/15)
 Temple: D:4-7

Altars:
Fedhas
Hepliaklqana

Shops:
D:4 :


Innate Abilities, Weirdness & Mutations

You have very sharp teeth.
Your uncanny sense of smell can sniff out nearby items.
Your experience applies equally to all skills.


Message History

Something hits you but does no damage. The giant cockroach barely misses you.
You are too confused!
Unknown command.
Unknown command.
You clumsily bash the orc but do no damage.
Your bite misses the orc. The adder skeleton misses you.
The orc hits you with a +2 dagger of pain.
The giant cockroach bites you but does no damage.
You hear some strange, mumbled words.
You are more confused.
The adder skeleton closely misses you.
Unknown command.
Unknown command.
You bump into the rock wall.
The giant cockroach bites you. The orc closely misses you. Something hits you.
The adder skeleton bites you. The giant cockroach barely misses you.
Unknown command.
Unknown command.
You miss the orc. The orc barely misses you.
Something hits you but does no damage. The adder skeleton barely misses you.
The giant cockroach bites you but does no damage.
Something hits you.
* * * LOW HITPOINT WARNING * * *
The orc hits you with a +2 dagger of pain.
* * * LOW HITPOINT WARNING * * *
You are too injured to fight recklessly!
Unknown command.
You are too injured to fight recklessly!
Unknown command.
You are too injured to fight recklessly!
Unknown command.
Unknown command.
You're too confused to cast spells.
You clumsily bash the giant cockroach but do no damage.
Your bite misses the giant cockroach. The giant cockroach misses you.
The adder skeleton closely misses you. The orc barely misses you.
You hear some strange, mumbled words.
A puff of flame appears from out of thin air!
The puff of flame hits you!
You die...

############
#..........#
###..........#
........<....#
##..........#
#..........#
####..######
###.########
##@o...#.....
##Z{B.......∩.
#.............
#$............
#..$.........>
#.............
#.............
#...........?.
.†#............


You could see an orc, a giant cockroach and an adder skeleton.

Vanquished Creatures
  A bullfrog skeleton (D:3)
  Terence (D:2)
  A gnoll (D:2)
  5 adders
  An ufetubus (D:4)
  An adder skeleton (D:4)
  2 worms
  3 dart slugs
  An orc (D:4)
  4 endoplasms
  3 giant cockroaches
  6 goblins
  7 hobgoblins
  3 quokkas
  8 ball pythons
  6 bats
  2 frilled lizards
  9 kobolds
  4 rats
68 creatures vanquished.

Notes
Turn   | Place    | Note
-------+----------+-------------------------------------------
     0 | D:1      | jimonade the Gnoll Wanderer began the quest for the Orb.
     0 | D:1      | jimonade set off with the following items: a +0 hand
                  | crossbow, 26 bolts, a +0 pair of gloves, a +0 robe; and the
                  | following spells available to memorise: Magic Dart, Shock,
                  | Iskenderun's Mystic Blast
     0 | D:1      | Reached XP level 1. HP: 13/13 MP: 4/4
     2 | D:1      | Learned a level 1 spell: Magic Dart
   183 | D:1      | Reached XP level 2. HP: 19/19 MP: 1/5
   786 | D:1      | Reached XP level 3. HP: 23/25 MP: 1/7
   993 | D:2      | Noticed Terence
  1020 | D:2      | Killed Terence
  1021 | D:2      | Reached skill level 1 in Fighting
  1021 | D:2      | Reached skill level 1 in Short Blades
  1021 | D:2      | Reached skill level 1 in Long Blades
  1021 | D:2      | Reached skill level 1 in Axes
  1021 | D:2      | Reached skill level 1 in Maces & Flails
  1021 | D:2      | Reached skill level 1 in Polearms
  1021 | D:2      | Reached skill level 1 in Staves
  1021 | D:2      | Reached skill level 1 in Slings
  1021 | D:2      | Reached skill level 1 in Bows
  1021 | D:2      | Reached skill level 1 in Throwing
  1021 | D:2      | Reached skill level 1 in Armour
  1021 | D:2      | Reached skill level 1 in Shields
  1021 | D:2      | Reached skill level 1 in Unarmed Combat
  1021 | D:2      | Reached skill level 1 in Invocations
  1447 | D:2      | Reached XP level 4. HP: 30/32 MP: 3/8
  1863 | D:2      | Reached skill level 1 in Hexes
  1863 | D:2      | Reached skill level 1 in Summonings
  1863 | D:2      | Reached skill level 1 in Necromancy
  1863 | D:2      | Reached skill level 1 in Translocations
  1863 | D:2      | Reached skill level 1 in Transmutations
  1863 | D:2      | Reached skill level 1 in Fire Magic
  1863 | D:2      | Reached skill level 1 in Ice Magic
  1863 | D:2      | Reached skill level 1 in Air Magic
  1863 | D:2      | Reached skill level 1 in Earth Magic
  1863 | D:2      | Reached skill level 1 in Poison Magic
  2409 | D:2      | Found a hazy altar of Hepliaklqana.
  2430 | D:2      | Became a worshipper of Hepliaklqana the Forgotten
  2558 | D:3      | Reached XP level 5. HP: 32/37 MP: 5/9
  3165 | D:3      | Found a blossoming altar of Fedhas.
  3798 | D:4      | Found Wohih's Book Emporium.
  3839 | D:4      | Killed from afar by an orc wizard

Illustrated notes

Levels and vault maps discovered:
D:1:      psy_arrival_terrarium, layout_basic, minmay_pentomino_s4
D:2:      minmay_skewed_foursquare, layout_basic, basic_altar, serial_forest,
          infiniplex_forest_clump_diagonal, infiniplex_forest_lined_3_way,
          infiniplex_forest_lined_room_2, infiniplex_forest_lined_1,
          uniq_terence
D:3:      layout_basic, mainiacjoe_overflow_surrounded_room, chequers_garden
D:4:      layout_rooms, general_overflow_altar, minmay_temple_entry_arrows,
          serial_shops, shop

Skill      XL: |  1  2  3  4  5 |
---------------+----------------+-----
Fighting       | 1 |  1.6
Short Blades   | 1 |  1.6
Long Blades    | 1 |  1.6
Axes           | 1 |  1.6
Maces & Flails | 1 |  1.6
Polearms       | 1 |  1.6
Staves         | 1 |  1.6
Slings         | 1 |  1.6
Bows           | 1 |  1.6
Throwing       | 1 |  1.6
Armour         | 1 |  1.6
Shields        | 1 |  1.6
Unarmed Combat | 1 |  1.6
Invocations    | 1 |  1.8
Spellcasting   | 3 |  3.2
Hexes          | 1 |  1.2
Summonings     | 1 |  1.2
Necromancy     | 1 |  1.2
Translocations | 1 |  1.2
Transmutations | 1 |  1.2
Fire Magic     | 1 |  1.2
Ice Magic      | 1 |  1.2
Air Magic      | 1 |  1.2
Earth Magic    | 1 |  1.2
Poison Magic   | 1 |  1.2
Dodging        | 3 |  3.0
Conjurations   | 4 |  4.0
Crossbows      | |  6.7
Stealth        | |  2.8
Evocations     | |  4.8

Action                   |  1- 3 |  4- 6 || total
-------------------------+-------+-------++-------
Melee: Hand crossbow     |       |     3 ||     3
 Fire: Hand crossbow     |    16 |    32 ||    48
 Cast: Magic Dart        |    51 |   108 ||   159
  Use: Scroll            |     4 |       ||     4
Armor: Robe              |     2 |    18 ||    20
Dodge: Dodged            |     4 |    37 ||    41
